 Dungeon Crawl Stone Soup version 0.31-a0-841-g038b102fc3 (webtiles) character file.

Game seed: 16935732533257850233

116 CraigForest the Shield-Bearer (level 5, 0/42 HPs)
             Began as a Formicid Fighter on Sept 27, 2023.
             Slain by a gnoll
             ... wielding a +0 club
              (4 damage)
             ... on level 3 of the Dungeon.
             The game lasted 00:05:05 (1718 turns).

CraigForest the Shield-Bearer (Formicid Fighter)    Turns: 1718, Time: 00:05:05

Health: 0/42       AC:  6    Str: 20    XL:     5   Next: 21%
Magic:  5/5        EV: 10    Int: 14    God:
Gold:   84         SH:  5    Dex: 15    Spells: 3/4 levels left

rFire   . . .        a - +0 long sword
rCold   . . .        c - +0 buckler
rNeg    . . .        i - +1 ring mail {rPois}
rPois   +            (helmet unavailable)
rElec   .            (no cloak)
rCorr   .            (no gloves)
SInv    +            (no boots)
Will    .....        l - amulet of regeneration
Stlth   +            k - +6 ring of intelligence
HPRegen 1.07/turn    (no ring)
MPRegen 0.09/turn

%: no passive effects
@: mighty
A: permanent stasis, dig shafts and tunnels, antennae 3, four strong arms
a: Dig, Shaft Self


You were on level 3 of the Dungeon.
You visited 1 branch of the dungeon, and saw 3 of its levels.

You collected 84 gold pieces.

Inventory:

Hand Weapons
 a - a +0 long sword (weapon)
Missiles
 f - 3 boomerangs (quivered)
Armour
 b - a +0 scale mail
 c - a +0 buckler (worn)
 i - a +1 ring mail of poison resistance (worn)
Jewellery
 k - a +6 ring of intelligence (left hand)
 l - an amulet of regeneration (around neck)
 q - a ring of resist corrosion
Talismans
 n - a serpent talisman
Scrolls
 e - 2 scrolls of identify {unknown}
 g - a scroll of fear {unknown}
 h - a scroll of blinking {unknown}
 j - a scroll of silence {unknown}
 m - a scroll of poison {unknown}
Potions
 o - a potion of heal wounds {unknown}
 p - a potion of ambrosia {unknown}
 r - 2 potions of curing {unknown}


   Skills:
 + Level 3.8 Fighting
 + Level 3.1 Long Blades
 + Level 4.2 Armour
 + Level 0.1 Stealth
 + Level 5.0 Shields


You had 3 spell levels left.
You knew the following spells:

 Your Spells              Type           Power      Damage    Failure   Level
a - Slow                  Hex            0%         N/A       50%         1

Your spell library contained the following spells:

 Spells                   Type           Power      Damage    Failure   Level
 Confusing Touch          Hex            0%         N/A       86%         3
 Sigil of Binding         Hex            0%         N/A       86%         3
 Vampiric Draining        Necr           0%         2d6       86%         3


Dungeon Overview and Level Annotations

Branches:
Dungeon (3/15)

Altars:

Annotations:
D:1 2 transporters


Innate Abilities, Weirdness & Mutations

You cannot be hasted, slowed, berserked, paralysed or teleported.
You can dig through walls and to a lower floor.
You have a pair of large antennae on your head. (SInv)
Your four strong arms can wield two-handed weapons with a shield.


Message History

You are too injured to fight recklessly!
You are too injured to fight recklessly!
You are too injured to fight recklessly!
You are too injured to fight recklessly!
You are too injured to fight recklessly!
You are too injured to fight recklessly!
You are too injured to fight recklessly!
The gnoll hits you from afar with a +0 spear.
The gnoll hits you with a +0 club.
* * * LOW HITPOINT WARNING * * *
There is an open door, spattered with blood here.
The gnoll attacks as it pursues you! You block the gnoll's attack.
The gnoll attacks as it pursues you! The gnoll barely misses you.
You feel very mighty all of a sudden. The gnoll hits you but does no damage.
You barely miss the gnoll.
The gnoll is moderately wounded.
The gnoll hits you with a +1 vampiric whip.
* * * LOW HITPOINT WARNING * * *
The gnoll draws strength from your wounds!
You block the gnoll's attack.
The gnoll hits you from afar with a +0 spear.
* * * LOW HITPOINT WARNING * * *
You barely miss the gnoll. The gnoll barely misses you. The gnoll misses you.
The gnoll hits you with a +1 vampiric whip.
* * * LOW HITPOINT WARNING * * *
Unknown command.
You slash the gnoll!
You kill the gnoll!
The gnoll closely misses you. x2; The endoplasm barely misses you.
You block the gnoll's attack. The gnoll barely misses you.
The endoplasm freezes you.
You are frozen.
* * * LOW HITPOINT WARNING * * *
The gnoll attacks as it pursues you! The gnoll closely misses you.
The gnoll attacks as it pursues you!
The gnoll hits you from afar with a +0 spear.
* * * LOW HITPOINT WARNING * * *
The gnoll attacks as it pursues you! The gnoll hits you with a +0 club.
You die...

##
###.#.....#........#
#.###...#.#'######
#.......#......#
####......J)##.#
#.#...#.###.#
#.#....g....#
#.#.#....#####
..#...g..#....
######@>...#
............#
#######.##..# #..
..# ### .... #####


You could see 2 gnolls and an endoplasm.

Vanquished Creatures
  Jessica (D:2)
  A gnoll (D:3)
  2 adders (D:2)
  A dart slug (D:2)
  An orc (D:3)
  6 endoplasms (D:2)
  3 giant cockroaches
  4 hobgoblins
  10 jackals
  3 quokkas
  5 ball pythons
  3 bats
  2 frilled lizards
  3 goblins
  6 kobolds
  6 rats
57 creatures vanquished.

Notes
Turn   | Place    | Note
-------+----------+-------------------------------------------
     0 | D:1      | CraigForest the Formicid Fighter began the quest for the
                  | Orb.
     0 | D:1      | Reached XP level 1. HP: 18/18 MP: 1/1
   203 | D:1      | Reached XP level 2. HP: 24/24 MP: 2/2
   694 | D:1      | Reached XP level 3. HP: 29/29 MP: 3/3
  1016 | D:2      | Noticed Jessica
  1039 | D:2      | Killed Jessica
  1040 | D:2      | Reached XP level 4. HP: 10/37 MP: 4/4
  1234 | D:2      | Learned a level 1 spell: Slow
  1418 | D:2      | Reached XP level 5. HP: 42/42 MP: 5/5
  1651 | D:3      | Reached skill level 5 in Shields
  1713 | D:3      | HP: 1/42 [frozen (4)]
  1718 | D:3      | Slain by a gnoll

Illustrated notes

Levels and vault maps discovered:
D:1:      spicycebolla_arrival_transporter_tutorial, layout_loops_corners
D:2:      layout_rooms, minmay_pentomino_u4, uniq_jessica
D:3:      layout_basic, jmf_multi_god_temple2, serial_shops, shop,
          basic_ecumenical_altar

Skill      XL: |  1  2  3  4  5 |
---------------+----------------+-----
Armour         | 4 |  4.2
Long Blades    | 3 |  3.1
Shields        | 5 |  5.0
Fighting       | |  3.8
Stealth        | |  0.1

Action                     |  1- 3 |  4- 6 || total
---------------------------+-------+-------++-------
  Melee: Long sword        |   102 |    76 ||   178
    Use: Potion            |       |     1 ||     1
 Armour: Scale mail        |    29 |       ||    29
         Ring mail         |    44 |    51 ||    95
  Dodge: Dodged            |    46 |    51 ||    97
  Block: Buckler           |    39 |    28 ||    67

Table legend: (Time is in decaauts)
 A = Elapsed time spent in this place.
 B = Non-inter-level travel time spent in this place.
 C = Inter-level travel time spent in this place.
 D = Time resting spent in this place.
 E = Time spent auto-exploring this place.
 F = Levels seen in this place.
 G = Mean time per level.
                   A        B        C        D        E       F      G
               +--------+--------+--------+--------+--------+-----+--------+
         Total |   1770 |   1752 |     18 |      0 |   1293 |   3 |  590.0 |
       Dungeon |   1770 |   1752 |     18 |      0 |   1293 |   3 |  590.0 |
               +--------+--------+--------+--------+--------+-----+--------+

Top non-repeatable levels by time:
     D:1: 1027 daAuts
     D:2: 596 daAuts
     D:3: 146 daAuts
